 Dungeon Crawl Stone Soup version 0.31.0-11-ge490571c62 (webtiles) character file.

Game seed: 11268677261531886670

113 qw the Shooter (level 4, -7/23 HPs)
             Began as a Spriggan Hunter on Feb 4, 2024.
             Killed by divine providence
             ... invoked by an orc priest
              (12 damage)
             ... on level 3 of the Dungeon.
             The game lasted 00:01:21 (2594 turns).

qw the Shooter (Spriggan Hunter)                    Turns: 2594, Time: 00:01:21

Health: -7/23      AC:  2    Str:  6 (7)  XL:     4   Next: 65%
Magic:  5/5        EV: 19    Int: 10      God:
Gold:   129        SH:  0    Dex: 18 (20) Spells: 3/3 levels left

rFire   . . .        a - +0 shortbow
rCold   . . .        (shield currently unavailable)
rNeg    . . .        c - +0 robe
rPois   .            (helmet restricted)
rElec   .            (no cloak)
rCorr   .            (gloves unavailable)
SInv    +            (boots unavailable)
Will    .....        (no amulet)
Stlth   ++           (no ring)
HPRegen 0.23/turn    (no ring)
MPRegen 0.09/turn

%: no passive effects
@: very quick
A: very small, no large weapons, unfitting armour, see invisible, speed 3
a: no special abilities


You were on level 3 of the Dungeon.
You visited 1 branch of the dungeon, and saw 3 of its levels.

You collected 129 gold pieces.


Innate Abilities, Weirdness & Mutations

You are very small and have problems with some larger weapons.
You are too small for most types of armour.
You have supernaturally acute eyesight. (SInv)
You cover ground extremely quickly. (Speed+++)


   Skills:
 - Level 2.0 Fighting
 - Level 5.0 Ranged Weapons
 + Level 4.9 Dodging
 - Level 1.5 Stealth


You had 3 spell levels left.
You didn't know any spells.
Your spell library was empty.

Inventory:

Hand Weapons
 a - a +0 shortbow (weapon)
Armour
 c - a +0 robe (worn)
Jewellery
 b - a ring of flight
 e - a +6 ring of dexterity
Scrolls
 g - a scroll of amnesia {unknown}
Potions
 d - a potion of might {unknown}
 f - a potion of curing

Dungeon Overview and Level Annotations

Branches:
Dungeon (3/15)

Altars:

Shops:
D:1 (


Message History

2576 ||| FLEEEEING.
2577 ||| FLEEEEING.
The orc priest invokes the aid of Beogh against you.
Beogh smites you!
2578 ||| FLEEEEING.
You start resting.
An orc priest is nearby!
2580 ||| FLEEEEING.
2581 ||| FLEEEEING.
2582 ||| FLEEEEING.
You start resting.
An orc priest is nearby!
You shoot an arrow. The arrow barely misses the orc priest.
You shoot an arrow.
The arrow closely misses the orc priest.
The orc priest looks encouraged for a moment.
You shoot an arrow.
The arrow closely misses the orc priest.
The orc priest hits you with a +0 dagger.
You shoot an arrow.
The arrow closely misses the orc priest.
The arrow barely misses the orc priest.
The orc priest barely misses you.
The orc priest begins to cast a cantrip, but forgets the words!
You shoot an arrow.
The arrow hits the orc priest but does no damage.
The orc priest completely misses you.
You shoot an arrow. The arrow barely misses the orc priest.
The arrow hits the orc priest.
The orc priest is moderately wounded.
The orc priest looks braver for a moment.
You shoot an arrow.
The arrow closely misses the orc priest.
The arrow hits the orc priest but does no damage.
The orc priest is moderately wounded.
The orc priest hits you with a +0 dagger.
The orc priest mumbles some strange prayers to Beogh against you.
Beogh smites you!
Ouch! That really hurt!
You die...

#.##.## #:#
#........###.. #....# #.#
..######## ##. ##..## #>#
#. #..#####.#### #.
##..........# .
#.#####.##.# #.# #.##%#
#.# #.##.# #.# #..@.# #.#
####o#############. #.#
#oo.....o..)o).>
#.########.############o.
#..........# ############


You could see 2 orc priests and an orc.

Vanquished Creatures
  4 adders
  A dart slug (D:2)
  A ribbon worm (D:2)
  2 orcs (D:3)
  7 bats
  5 endoplasms
  2 giant cockroaches (D:1)
  7 goblins
  8 hobgoblins
  2 jackals (D:2)
  3 quokkas
  8 ball pythons
  7 frilled lizards
  5 kobolds
  5 rats
67 creatures vanquished.

Notes
Turn   | Place    | Note
-------+----------+-------------------------------------------
     0 | D:1      | qw the Spriggan Hunter began the quest for the Orb.
     0 | D:1      | Reached XP level 1. HP: 10/10 MP: 2/2
     0 | D:1      | 0 ||| qw: Version: 0.3-a-160-g6735b56
     0 | D:1      | 0 ||| qw: Game counter: 5870
     0 | D:1      | 0 ||| qw: Melee chars always use a shield: true
     0 | D:1      | 0 ||| qw: God list: Okawaru
     0 | D:1      | 0 ||| qw: Allow faded altars: false
     0 | D:1      | 0 ||| qw: Do Orc after clearing Dungeon:15 true
     0 | D:1      | 0 ||| qw: Do second Lair branch before Depths: true
     0 | D:1      | 0 ||| qw: Lair rune preference: random
     0 | D:1      | 0 ||| qw: Goals: Normal
     0 | D:1      | 0 ||| PLANNING D:1-11
    75 | D:1      | Reached skill level 3 in Dodging
   169 | D:1      | Reached XP level 2. HP: 14/14 MP: 3/3
   606 | D:1      | Found Gituimpy's Weapon Shoppe.
   841 | D:1      | 841 ||| READING scroll labelled PEKUADIXTO.
   842 | D:1      | 842 ||| READING scroll labelled XAGIOF YCKIU.
   842 | D:1      | 842 ||| IDENTIFYING bubbling dark potion
   843 | D:1      | 843 ||| READING scroll labelled HUMPUAT JIAXATT.
   843 | D:1      | 843 ||| ENCHANTING +0 shortbow.
   844 | D:1      | 844 ||| READING scroll labelled SIBIPU IGUECUA.
   845 | D:1      | 845 ||| READING scroll labelled QOARIT YRGHOUDA.
   946 | D:1      | 946 ||| DROPPING scroll of butterflies.
   947 | D:1      | 947 ||| DROPPING potion of brilliance.
   986 | D:2      | Reached XP level 3. HP: 18/18 MP: 4/4
  1081 | D:2      | Reached skill level 5 in Ranged Weapons
  1234 | D:2      | Identified the +1 flail "Newtslayer" {flame, *Noise +Blink
                  | rCorr Str-3}
  1505 | D:2      | Reached XP level 4. HP: 22/22 MP: 5/5
  1925 | D:2      | 1925 ||| READING 3 scrolls of identify.
  1925 | D:2      | 1925 ||| IDENTIFYING orange potion
  1926 | D:2      | 1926 ||| READING 2 scrolls of identify.
  1926 | D:2      | 1926 ||| IDENTIFYING white potion
  1927 | D:2      | 1927 ||| READING scroll of identify.
  1927 | D:2      | 1927 ||| IDENTIFYING viscous emerald potion
  1928 | D:2      | 1928 ||| READING scroll labelled JALOAH DUGGUS.
  1929 | D:2      | 1929 ||| DRINKING 2 sedimented black potions.
  1930 | D:2      | 1930 ||| DROPPING potion of attraction.
  1931 | D:2      | 1931 ||| DROPPING potion of degeneration.
  1932 | D:2      | 1932 ||| DROPPING potion of lignification.
  2295 | D:3      | HP: 4/23 [adder (3)]
  2574 | D:3      | 2574 ||| FLEEEEING.
  2575 | D:3      | 2575 ||| FLEEEEING.
  2576 | D:3      | 2576 ||| FLEEEEING.
  2577 | D:3      | 2577 ||| FLEEEEING.
  2577 | D:3      | HP: 3/23 [orc priest/divine providence (7)]
  2578 | D:3      | 2578 ||| FLEEEEING.
  2580 | D:3      | 2580 ||| FLEEEEING.
  2581 | D:3      | 2581 ||| FLEEEEING.
  2582 | D:3      | 2582 ||| FLEEEEING.
  2590 | D:3      | HP: 5/23 [orc priest/+0 dagger (1)]
  2594 | D:3      | Killed from afar by an orc priest

Levels and vault maps discovered:
D:1:      dpeg_arrival_erosion, layout_basic, serial_shops,
          nicolae_shop_advertising_works [nicolae_subvault_shop_adworks],
          chequers_serial_rivers_room_a
D:2:      layout_basic, minmay_split_cup_large
D:3:      layout_loops_ring, fountainhead, grunt_ministairs_13

Skill      XL: |  1  2  3  4 |
---------------+-------------+-----
Dodging        | 3 4 |  4.9
Ranged Weapons | 5 |  5.0
Fighting       | 2 |  2.0
Stealth        | |  1.5

Action                     |  1- 3 |  4- 6 || total
---------------------------+-------+-------++-------
   Fire: Shortbow          |   101 |    94 ||   195
    Use: Scroll            |     5 |     4 ||     9
         Potion            |       |     1 ||     1
 Armour: Robe              |     8 |    18 ||    26
  Dodge: Dodged            |    31 |    39 ||    70

Table legend:
 A = Non-vault XP
 B = Vault XP
 C = Vault XP percentage of total XP
 D = Non-vault monster count
 E = Vault monster count
 F = Vault count percentage of total count
                 A         B        C        D         E       F
            +---------+---------+-------+---------+---------+-------
      Total |     136 |      26 |  16.0 |      61 |       6 |   9.0
            +---------+---------+-------+---------+---------+-------
        D:1 |      40 |       0 |   0.0 |      27 |       0 |   0.0
        D:2 |      78 |      10 |  11.4 |      24 |       4 |  14.3
        D:3 |      18 |      16 |  47.1 |      10 |       2 |  16.7
            +---------+---------+-------+---------+---------+-------
